 Dungeon Crawl Stone Soup version 0.31-a0-175-g9f7f995f2b (webtiles) character file.

Game seed: 18415714970929317592

19269 qw the Cleaver (level 12, -3/77 HPs)
             Began as a Gargoyle Fighter on June 17, 2023.
             Was a High Priest of Okawaru.
             Slain by a seven-headed hydra (8 damage)
             ... on level 2 of the Lair of Beasts.
             The game lasted 00:07:48 (11842 turns).

qw the Cleaver (Gargoyle Fighter)                  Turns: 11842, Time: 00:07:49

Health: -3/77      AC: 31    Str: 24    XL:     12   Next: 67%
Magic:  16/16      EV: 10    Int: 10    God:    Okawaru [*****.]
Gold:   258        SH:  7    Dex: 13    Spells: 11/11 levels left

rFire   + . .        q - -1 eveningstar
rCold   + . .        c - +0 buckler
rNeg    + . .        m - +0 plate armour
rPois   inf          o - +2 hat
rElec   +            (no cloak)
rCorr   +            p - +0 pair of gloves
SInv    +            r - +1 pair of boots of Circular Logic {rC+ Will+ rCorr Dex+2}
Will    +....        A - amulet of faith Stlth
                     i - ring of see invisible
HPRegen 0.32/turn    w - +4 ring of slaying {mikee}
MPRegen 0.15/turn

%: faith
@: about to teleport, heroic
A: sickness immunity, AC +8, negative energy resistance 1, electricity
resistance, torment resistance 1, petrification resistance, thin skeletal
structure 1, fire resistance 1, low MP 1
a: Renounce Religion, Heroism, Finesse, Duel


You were on level 2 of the Lair of Beasts.
You worshipped Okawaru.
Okawaru was extremely pleased with you.
You visited 3 branches of the dungeon, and saw 12 of its levels.
You also visited: Sewer.

You collected 759 gold pieces.
You spent 501 gold pieces at shops.


Innate Abilities, Weirdness & Mutations

You are immune to sickness and miasma.
Your stone body is resilient. (AC +8)
You are immune to poison.
You resist negative energy. (rN+)
You are resistant to electric shocks. (rElec)
You are resistant to unholy torment.
You are immune to petrification.
You have a somewhat thin skeletal structure. (Dex +2, Stealth+)
Your flesh is heat resistant. (rF+)
Your magical capacity is low. (-10% MP)


   Skills:
 - Level 10.0(15.0) Fighting
 + Level 12.8(17.8) Axes
 - Level 3.3(8.3) Throwing
 - Level 9.0(14.0) Armour
 - Level 2.0(7.0) Dodging
 - Level 6.0(11.0) Shields
 + Level 8.6 Invocations


You had 11 spell levels left.
You didn't know any spells.
Your spell library was empty.

Inventory:

Hand Weapons
 f - a +3 war axe
 q - a -1 eveningstar (weapon)
Missiles
 x - a javelin (quivered)
Armour
 a - the +1 ring mail of Udypt {Will+++ rCorr Str-3}
   (You found it on level 2 of the Dungeon)

   Str:       It affects your strength (-3).
   rCorr:     It protects you from acid and corrosion.
   Will:      It greatly increases your willpower.
 c - a +0 buckler (worn)
 m - a +0 plate armour (worn)
 o - a +2 hat (worn)
 p - a +0 pair of gloves (worn)
 r - the +1 pair of boots of Circular Logic (worn) {rC+ Will+ rCorr Dex+2}
   (You found it on level 6 of the Dungeon)

   Dex:       It affects your dexterity (+2).
   rC:        It protects you from cold.
   rCorr:     It protects you from acid and corrosion.
   Will:      It increases your willpower.
Jewellery
 e - an amulet of reflection
 i - a ring of see invisible (left hand)
 w - a +4 ring of slaying (right hand) {mikee}
 A - an amulet of faith (around neck)
 Y - a ring of positive energy
Scrolls
 h - 5 scrolls of teleportation
 s - a scroll of identify
Potions
 b - a potion of lignification
 d - 4 potions of might
 g - 4 potions of haste
 j - a potion of attraction
 k - 7 potions of curing
 l - a potion of heal wounds {unknown}
 n - a potion of enlightenment
 t - a potion of cancellation {unknown}
 u - a potion of resistance {unknown}
 v - a potion of mutation

Dungeon Overview and Level Annotations

Branches:
Dungeon (9/15)             Temple (1/1) D:4            Lair (2/5) D:9
  Sewer (visited)
  Swamp: Lair:2-3    Shoals: Lair:2-3     Snake: Lair:2-3    Spider: Lair:2-3
    Orc: D:9-12

Altars:
Ashenzari
Cheibriados
Dithmenos
Elyvilon
Fedhas
Gozag
Hepliaklqana
Kikubaaqudgha
Makhleb
Nemelex Xobeh
Okawaru
Qazlal
Ru
Sif Muna
Trog
Uskayaw
Vehumet
Wu Jian
Xom
Yredelemnul
Zin
The Shining One

Shops:
D:1 (   D:6 *   D:7 [(   D:8 :*[:*

Annotations:
D:6 3 runed translucent doors, qw's ghost, novice MiHu
Lair:2 exclusion: yak


Message History

11835 ||| SWAPPING to -1 eveningstar.
q - a -1 eveningstar (weapon)
The seven-headed hydra bites you but does no damage.
The seven-headed hydra barely misses you.
The seven-headed hydra bites you but does no damage. x2
The seven-headed hydra bites you.
The seven-headed hydra barely misses you.
The seven-headed hydra completely misses you.
11836 ||| SWAPPING to +3 war axe.
f - a +3 war axe (weapon)
11837 ||| SWAPPING to -1 eveningstar.
q - a -1 eveningstar (weapon)
The seven-headed hydra bites you!
You block the seven-headed hydra's attack.
The seven-headed hydra bites you. The seven-headed hydra bites you!
The seven-headed hydra barely misses you.
The seven-headed hydra closely misses you.
The seven-headed hydra bites you but does no damage.
11838 ||| READING 6 scrolls of teleportation.
As you read the scroll of teleportation, it crumbles to dust.
You feel strangely unstable.
The seven-headed hydra bites you but does no damage. x7
11839 ||| SWAPPING to +3 war axe.
f - a +3 war axe (weapon)
11840 ||| SWAPPING to -1 eveningstar.
q - a -1 eveningstar (weapon)
The seven-headed hydra bites you but does no damage.
The seven-headed hydra misses you.
The seven-headed hydra bites you but does no damage.
The seven-headed hydra closely misses you.
The seven-headed hydra bites you!
The seven-headed hydra barely misses you.
The seven-headed hydra bites you.
11841 ||| SWAPPING to +3 war axe.
f - a +3 war axe (weapon)
11842 ||| SWAPPING to -1 eveningstar.
q - a -1 eveningstar (weapon)
The seven-headed hydra bites you but does no damage. x2
The seven-headed hydra bites you!
You die...

#..)..%%.........# .
#.###.##.P#...(.# ..
#.##...####.....#.8. #
#..##.####.......# .#
#..##...###......# .#
#........###..######.###
#.#.....##......##.....#
#.+...!.#..#..#.#.....#
#.#####.+.......@D....#
...######...8.....#.8...
..##..#............. .#.
#.?.......#.#...#.#...
#.......................
.........##.#.#..##.+#..
P................# .. #
.................# .
#...######.......


You could see a seven-headed hydra.

Vanquished Creatures
  A two-headed ogre (D:9)
  A skyshark (Lair:2)
  Pikel (D:6)
  An oklob plant (Lair:1)
  An ugly thing (D:9)
  A cyclops (D:9)
  5 elephants (Lair:2)
  A black mamba (Lair:1)
  Joseph (Lair:1)
  3 cane toads
  A gargoyle (D:9)
  A rime drake (Lair:1)
  A torpor snail (Lair:2)
  A troll (D:9)
  A hornet (D:7)
  Grinder (D:4)
  A wraith (D:9)
  29 yaks
  Sigmund (D:2)
  A shadow (D:9)
  6 basilisks
  3 wyverns
  Grum (Lair:1)
  2 steam dragons
  A vampire mosquito (D:9)
  6 water moccasins
  2 orc warriors (D:9)
  4 black bears
  A sky beast (D:7)
  2 ice beasts
  4 wolves
  6 centaurs
  2 ogres
  2 lemures (D:6)
  3 phantoms
  Blork the orc (D:6)
  11 bullfrogs
  3 kobold brigands
  5 scorpions
  7 killer bees (D:9)
  A howler monkey (D:9)
  An electric eel (D:8)
  6 hounds
  4 jellies
  A gnoll bouda (D:8)
  5 orc priests
  5 iguanas
  3 sleepcaps
  6 orc wizards
  6 gnolls
  12 adders
  11 river rats (Sewer)
  A white imp (D:6)
  A worm (D:2)
  4 dart slugs
  25 orcs
  5 bats
  3 endoplasms
  2 giant cockroaches
  7 goblins
  10 hobgoblins
  7 jackals
  20 kobolds
  6 quokkas
  3 training dummies (D:7)
  10 ball pythons
  6 frilled lizards
  21 rats
318 creatures vanquished.

Notes
Turn   | Place    | Note
-------+----------+-------------------------------------------
     0 | D:1      | qw the Gargoyle Fighter began the quest for the Orb.
     0 | D:1      | Reached XP level 1. HP: 14/14 MP: 1/1
     0 | D:1      | 0 ||| qw: Version: 0.3-a-2-g5ab2908
     0 | D:1      | 0 ||| qw: Game counter: 277
     0 | D:1      | 0 ||| qw: Always use a shield: true
     0 | D:1      | 0 ||| qw: God list: Okawaru
     0 | D:1      | 0 ||| qw: Allow faded altars: false
     0 | D:1      | 0 ||| qw: Do Orc after D:15 true
     0 | D:1      | 0 ||| qw: Do second Lair branch before Depths: true
     0 | D:1      | 0 ||| qw: Lair rune preference: random
     0 | D:1      | 0 ||| qw: Plans: Normal, Zot:1-4, Slime:5, God:TSO, Crypt,
                  | Tomb, Abyss, Pan, Hells, Win
     0 | D:1      | 0 ||| PLANNING D:1-11
    40 | D:1      | Found Usaupain's Weapon Emporium.
    48 | D:1      | Reached skill level 2 in Axes
    58 | D:1      | 58 ||| SHOPLISTING +0 mace (42 gold, have 0).
   169 | D:1      | Reached XP level 2. HP: 19/19 MP: 2/2
   620 | D:1      | 620 ||| DROPPING +0 club.
   856 | D:1      | 856 ||| Stepping ~*~*~tactically~*~*~ (hiding).
   864 | D:1      | Reached skill level 3 in Axes
   965 | D:1      | 965 ||| UPGRADING to amulet of reflection.
   970 | D:1      | 970 ||| READING scroll labelled SOUCORUPUP.
   971 | D:1      | 971 ||| READING scroll labelled VAN CEPHEPAG.
   974 | D:1      | 974 ||| READING scroll labelled SULOHA NIECS.
  1008 | D:2      | Reached XP level 3. HP: 23/23 MP: 3/3
  1021 | D:2      | Noticed Sigmund
  1029 | D:2      | 1029 ||| Stepping ~*~*~tactically~*~*~ (hiding).
  1049 | D:2      | HP: 2/23 [something/magic dart (6)]
  1054 | D:2      | Killed Sigmund
  1055 | D:2      | Reached skill level 5 in Axes
  1055 | D:2      | Reached XP level 4. HP: 2/28 MP: 4/4
  1055 | D:2      | Reached XP level 5. HP: 3/32 MP: 5/5
  1070 | D:2      | 1070 ||| FLEEEEING.
  1071 | D:2      | 1071 ||| FLEEEEING.
  1073 | D:2      | 1073 ||| STAIRDANCE
  1187 | D:2      | Identified the +1 ring mail of Udypt {Will+++ rCorr Str-3}
  1282 | D:2      | Found a faded altar of an unknown god.
  1653 | D:2      | 1653 ||| Stepping ~*~*~tactically~*~*~ (stealth).
  1703 | D:2      | 1703 ||| UPGRADING to +1 ring mail of Udypt {Will+++ rCorr
                  | Str-3}.
  1713 | D:2      | 1713 ||| DROPPING orb of light.
  1714 | D:2      | 1714 ||| READING scroll labelled PAAPAU PESCHUOLAJ.
  1715 | D:2      | 1715 ||| READING scroll labelled PAUFRI ENUA.
  1786 | D:3      | Reached XP level 6. HP: 38/38 MP: 6/6
  1841 | D:3      | 1841 ||| DROPPING +0 mace.
  1865 | D:3      | 1865 ||| Stepping ~*~*~tactically~*~*~ (stealth).
  1990 | D:3      | 1990 ||| Stepping ~*~*~tactically~*~*~ (stealth).
  2166 | D:3      | Noticed a +0 hand axe
  2166 | D:3      | Noticed a +0 dagger
  2174 | D:3      | Found a hide-covered altar of Uskayaw.
  2176 | D:3      | 2176 ||| UPGRADING to ring of see invisible.
  2177 | D:3      | 2177 ||| READING 2 scrolls labelled JACRIK QULOS.
  2258 | D:3      | 2258 ||| DROPPING +0 flail.
  2391 | D:3      | 2391 ||| DROPPING +0 scale mail.
  2392 | D:3      | 2392 ||| UPGRADING to +0 chain mail.
  2402 | D:3      | 2402 ||| READING scroll labelled WORUAH BULI.
  2403 | D:3      | 2403 ||| READING scroll labelled AMYRUUXTOMN.
  2504 | D:3      | 2504 ||| DROPPING scroll of revelation.
  2573 | D:4      | 2573 ||| Stepping ~*~*~tactically~*~*~ (hiding).
  2574 | D:4      | 2574 ||| Stepping ~*~*~tactically~*~*~ (hiding).
  2658 | D:4      | 2658 ||| FLEEEEING.
  2659 | D:4      | 2659 ||| FLEEEEING.
  2666 | D:4      | 2666 ||| Stepping ~*~*~tactically~*~*~ (hiding).
  2798 | D:4      | 2798 ||| READING scroll of enchant weapon.
  2798 | D:4      | 2798 ||| ENCHANTING +1 war axe.
  2805 | D:4      | 2805 ||| Stepping ~*~*~tactically~*~*~ (stealth).
  2811 | D:4      | Reached skill level 6 in Axes
  2811 | D:4      | Reached XP level 7. HP: 43/43 MP: 7/7
  2825 | D:4      | Reached skill level 1 in Dodging
  2839 | D:4      | 2839 ||| Stepping ~*~*~tactically~*~*~ (stealth).
  2840 | D:4      | 2840 ||| Stepping ~*~*~tactically~*~*~ (stealth).
  2841 | D:4      | 2841 ||| Stepping ~*~*~tactically~*~*~ (stealth).
  2909 | D:4      | Found a staircase to the Ecumenical Temple.
  2910 | D:4      | 2910 ||| PLANNING TEMPLE
  2910 | D:4      | 2910 ||| UPGRADING to ring of positive energy.
  2924 | Temple   | Entered the Ecumenical Temple
  2960 | Temple   | 2960 ||| PLANNING OKAWARU WORSHIP
  3082 | Temple   | Became a worshipper of Warmaster Okawaru
  3083 | Temple   | 3083 ||| PLANNING D:1-11
  3166 | D:4      | 3166 ||| Stepping ~*~*~tactically~*~*~ (stealth).
  3174 | D:4      | 3174 ||| Stepping ~*~*~tactically~*~*~ (stealth).
  3216 | D:4      | Noticed Grinder
  3230 | D:4      | Paralysed by Grinder for 5 turns
  3240 | D:4      | Killed Grinder
  3241 | D:4      | Reached skill level 7 in Axes
  3307 | D:4      | 3307 ||| Stepping ~*~*~tactically~*~*~ (stealth).
  3310 | D:4      | 3310 ||| Stepping ~*~*~tactically~*~*~ (stealth).
  3365 | D:4      | Found a shimmering altar of Xom.
  3377 | D:4      | Reached XP level 8. HP: 41/49 MP: 8/8
  3425 | D:4      | Found a glowing golden altar of the Shining One.
  3609 | D:4      | 3609 ||| READING 2 scrolls labelled POJAUG LOHEN.
  3610 | D:4      | 3610 ||| READING scroll labelled PAYPHYH URCHI.
  3611 | D:4      | 3611 ||| DRINKING 2 fuming white potions.
  3716 | D:4      | 3716 ||| DROPPING potion of berserk rage.
  3717 | D:4      | 3717 ||| DROPPING scroll of poison.
  3753 | D:5      | Entered Level 5 of the Dungeon
  3809 | D:5      | Reached * piety under Okawaru
  3868 | D:5      | Reached skill level 1 in Invocations
  3943 | D:5      | 3943 ||| Stepping ~*~*~tactically~*~*~ (stealth).
  4100 | D:5      | Reached skill level 8 in Axes
  4293 | D:5      | 4293 ||| Stepping ~*~*~tactically~*~*~ (hiding).
  4296 | D:5      | 4296 ||| INVOKING Heroism.
  4550 | D:5      | Reached skill level 3 in Invocations
  4643 | D:5      | 4643 ||| DROPPING ring of magical power.
  4644 | D:5      | 4644 ||| READING scroll labelled ESOMYUJIFI.
  4645 | D:5      | 4645 ||| DRINKING 2 fizzy coppery potions.
  4677 | D:6      | 4677 ||| PLANNING SEWER
  4677 | D:6      | 4677 ||| INVOKING Heroism.
  4716 | D:6      | Found Dumer's Lightly-Used Armoury.
  4726 | D:6      | Noticed Blork the orc
  4727 | D:6      | 4727 ||| INVOKING Heroism.
  4737 | D:6      | Reached skill level 6 in Fighting
  4744 | D:6      | Killed Blork the orc
  4778 | D:6      | 4778 ||| BUYING -1 eveningstar (110 gold).
  4778 | D:6      | Bought a -1 eveningstar for 110 gold pieces
  4778 | D:6      | 4778 ||| SHOPLISTING -1 gold dragon scales (825 gold, have
                  | 290).
  4778 | D:6      | 4778 ||| SHOPLISTING -1 pearl dragon scales (1045 gold,
                  | have 290).
  4778 | D:6      | 4778 ||| SHOPLISTING -2 crystal plate armour (770 gold,
                  | have 290).
  4778 | D:6      | 4778 ||| DROPPING +0 morningstar.
  4801 | D:6      | Identified the +9 rapier "Maedd" {heavy, rN+}
  4833 | D:6      | 4833 ||| Stepping ~*~*~tactically~*~*~ (stealth).
  4835 | D:6      | 4835 ||| Stepping ~*~*~tactically~*~*~ (stealth).
  4847 | D:6      | Reached XP level 9. HP: 54/55 MP: 12/12
  4849 | D:6      | 4849 ||| INVOKING Heroism.
  4986 | D:6      | Noticed Pikel
  4987 | D:6      | 4987 ||| Stepping ~*~*~tactically~*~*~ (stealth).
  4988 | D:6      | 4988 ||| INVOKING Heroism.
  5001 | D:6      | Killed Pikel
  5002 | D:6      | Reached skill level 9 in Axes
  5066 | D:6      | Found a runed translucent gate.
  5066 | D:6      | Found a runed translucent gate.
  5068 | D:6      | Found a runed translucent gate.
  5069 | D:6      | Found an opulent altar of Gozag.
  5071 | D:6      | Noticed qw's ghost (novice MiHu)
  5071 | D:6      | Noticed a deep elf pyromancer
  5076 | D:6      | 5076 ||| UPGRADING to +2 hat.
  5135 | D:6      | Identified the +1 pair of boots of Circular Logic {rC+
                  | Will+ rCorr Dex+2}
  5137 | D:6      | 5137 ||| UPGRADING to +1 pair of boots of Circular Logic
                  | {rC+ Will+ rCorr Dex+2}.
  5245 | D:6      | Found a glowing drain.
  5246 | D:6      | 5246 ||| DRINKING 4 bubbling ruby potions.
  5251 | Sewer    | Entered a sewer
  5333 | Sewer    | 5333 ||| READING scroll of enchant weapon.
  5333 | Sewer    | 5333 ||| ENCHANTING +2 war axe.
  5509 | Sewer    | 5509 ||| Stepping ~*~*~tactically~*~*~ (stealth).
  5510 | Sewer    | 5510 ||| Stepping ~*~*~tactically~*~*~ (stealth).
  5515 | Sewer    | 5515 ||| Stepping ~*~*~tactically~*~*~ (stealth).
  5784 | Sewer    | 5784 ||| RIP OSSUARY
  5784 | Sewer    | 5784 ||| DRINKING 5 orange potions.
  5785 | Sewer    | 5785 ||| DRINKING 3 murky emerald potions.
  5786 | Sewer    | 5786 ||| DROPPING 2 potions of brilliance.
  5814 | D:6      | 5814 ||| RIP OSSUARY
  5815 | D:6      | 5815 ||| PLANNING D:1-11
  6117 | D:6      | 6117 ||| DRINKING 2 brown potions.
  6164 | D:7      | 6164 ||| INVOKING Heroism.
  6331 | D:7      | 6331 ||| Stepping ~*~*~tactically~*~*~ (stealth).
  6336 | D:7      | Found Umeskax's Armour Emporium.
  6344 | D:7      | 6344 ||| BUYING +0 plate armour (299 gold).
  6344 | D:7      | Bought a +0 plate armour for 299 gold pieces
  6344 | D:7      | 6344 ||| SHOPLISTING +1 chain mail of fire resistance (214
                  | gold, have 27).
  6344 | D:7      | 6344 ||| SHOPLISTING scarf of resistance (416 gold, have
                  | 27).
  6369 | D:7      | 6369 ||| Stepping ~*~*~tactically~*~*~ (stealth).
  6370 | D:7      | 6370 ||| Stepping ~*~*~tactically~*~*~ (stealth).
  6373 | D:7      | 6373 ||| Stepping ~*~*~tactically~*~*~ (stealth).
  6375 | D:7      | 6375 ||| Stepping ~*~*~tactically~*~*~ (hiding).
  6376 | D:7      | 6376 ||| Stepping ~*~*~tactically~*~*~ (hiding).
  6377 | D:7      | 6377 ||| Stepping ~*~*~tactically~*~*~ (hiding).
  6379 | D:7      | 6379 ||| INVOKING Heroism.
  6383 | D:7      | Reached skill level 10 in Axes
  6542 | D:7      | 6542 ||| FLEEEEING.
  6543 | D:7      | 6543 ||| FLEEEEING.
  6544 | D:7      | 6544 ||| FLEEEEING.
  6545 | D:7      | 6545 ||| STAIRDANCE
  6547 | D:6      | 6547 ||| INVOKING Heroism.
  6691 | D:6      | 6691 ||| UPGRADING to +0 plate armour.
  6701 | D:6      | 6701 ||| DROPPING +0 chain mail.
  6742 | D:7      | Found Fajeps's Firing Range.
  6876 | D:7      | 6876 ||| INVOKING Heroism.
  7006 | D:7      | 7006 ||| Stepping ~*~*~tactically~*~*~ (stealth).
  7008 | D:7      | 7008 ||| Stepping ~*~*~tactically~*~*~ (hiding).
  7021 | D:7      | Reached XP level 10. HP: 63/63 MP: 13/13
  7178 | D:7      | Reached ** piety under Okawaru
  7179 | D:7      | Reached skill level 6 in Armour
  7344 | D:7      | 7344 ||| UPGRADING to +0 pair of gloves.
  7817 | D:8      | Found Luewnopn's Book Boutique.
  7843 | D:8      | Found a glowing silver altar of Zin.
  7872 | D:8      | 7872 ||| INVOKING Heroism.
  7900 | D:8      | 7900 ||| Stepping ~*~*~tactically~*~*~ (hiding).
  7902 | D:8      | 7902 ||| Stepping ~*~*~tactically~*~*~ (hiding).
  7922 | D:8      | Found Ithroezy's Assorted Antiques.
  7931 | D:8      | 7931 ||| SHOPLISTING pair of runed boots (172 gold, have
                  | 100).
  7931 | D:8      | 7931 ||| BUYING potion of might (92 gold).
  7931 | D:8      | Bought a potion of might for 92 gold pieces
  7931 | D:8      | 7931 ||| SHOPLISTING scroll of enchant weapon (172 gold,
                  | have 8).
  7931 | D:8      | 7931 ||| SHOPLISTING scroll of identify (46 gold, have 8).
  7948 | D:8      | 7948 ||| Stepping ~*~*~tactically~*~*~ (hiding).
  7949 | D:8      | 7949 ||| Stepping ~*~*~tactically~*~*~ (hiding).
  7951 | D:8      | 7951 ||| INVOKING Heroism.
  7979 | D:8      | 7979 ||| Stepping ~*~*~tactically~*~*~ (hiding).
  7981 | D:8      | 7981 ||| Stepping ~*~*~tactically~*~*~ (hiding).
  8055 | D:8      | Found Duot Ecsur's Assorted Antiques.
  8057 | D:8      | Found Ukhloitt's Book Boutique.
  8091 | D:8      | 8091 ||| SHOPLISTING cloak (94 gold, have 19).
  8091 | D:8      | 8091 ||| SHOPLISTING pair of glowing gloves (157 gold, have
                  | 19).
  8091 | D:8      | 8091 ||| SHOPLISTING potion of attraction (63 gold, have
                  | 19).
  8091 | D:8      | 8091 ||| SHOPLISTING potion of enlightenment (105 gold,
                  | have 19).
  8091 | D:8      | 8091 ||| SHOPLISTING scroll labelled POITAH HUSAGAKIY (21
                  | gold, have 19).
  8207 | D:8      | 8207 ||| Stepping ~*~*~tactically~*~*~ (stealth).
  8209 | D:8      | 8209 ||| Stepping ~*~*~tactically~*~*~ (stealth).
  8211 | D:8      | 8211 ||| INVOKING Heroism.
  8233 | D:8      | Found Taraosch's Antique Armour Shoppe.
  8259 | D:8      | 8259 ||| SHOPLISTING pair of glowing boots (195 gold, have
                  | 42).
  8259 | D:8      | 8259 ||| SHOPLISTING pair of heavily runed gloves (247
                  | gold, have 42).
  8472 | D:9      | 8472 ||| INVOKING Heroism.
  8560 | D:9      | Found a staircase to the Lair.
  8599 | D:9      | Noticed a two-headed ogre
  8600 | D:9      | 8600 ||| INVOKING Heroism.
  8606 | D:9      | Killed a two-headed ogre
  8659 | D:9      | Reached skill level 11 in Axes
  8671 | D:9      | Reached *** piety under Okawaru
  8821 | D:9      | 8821 ||| Stepping ~*~*~tactically~*~*~ (stealth).
  8839 | D:9      | Reached XP level 11. HP: 63/69 MP: 14/14
  8857 | D:9      | 8857 ||| INVOKING Heroism.
  8866 | D:9      | Reached skill level 9 in Fighting
  9005 | D:9      | 9005 ||| Stepping ~*~*~tactically~*~*~ (hiding).
  9100 | D:9      | Noticed a cyan ugly thing
  9101 | D:9      | 9101 ||| Stepping ~*~*~tactically~*~*~ (hiding).
  9104 | D:9      | 9104 ||| Stepping ~*~*~tactically~*~*~ (hiding).
  9111 | D:9      | 9111 ||| INVOKING Heroism.
  9115 | D:9      | Killed a cyan ugly thing
  9266 | D:9      | 9266 ||| Stepping ~*~*~tactically~*~*~ (hiding).
  9267 | D:9      | 9267 ||| Stepping ~*~*~tactically~*~*~ (hiding).
  9268 | D:9      | 9268 ||| Stepping ~*~*~tactically~*~*~ (hiding).
  9388 | D:9      | 9388 ||| INVOKING Heroism.
  9412 | D:9      | 9412 ||| INVOKING Heroism.
  9528 | D:9      | 9528 ||| Stepping ~*~*~tactically~*~*~ (stealth).
  9530 | D:9      | 9530 ||| Stepping ~*~*~tactically~*~*~ (hiding).
  9541 | D:9      | 9541 ||| Stepping ~*~*~tactically~*~*~ (stealth).
  9552 | D:9      | Received a gift from Okawaru
  9562 | D:9      | Noticed a cyclops
  9563 | D:9      | 9563 ||| FLEEEEING.
  9611 | D:9      | 9611 ||| Stepping ~*~*~tactically~*~*~ (hiding).
  9615 | D:9      | 9615 ||| INVOKING Heroism.
  9624 | D:9      | Killed a cyclops
  9625 | D:9      | Reached skill level 1 in Throwing
  9656 | D:9      | Identified the +3 battleaxe of Sayroc {vamp, rElec rCorr
                  | Int+6 Dex-3}
  9780 | D:9      | 9780 ||| PLANNING LAIR
  9780 | D:9      | 9780 ||| UPGRADING to amulet of faith.
  9790 | D:9      | 9790 ||| READING scroll labelled NEISAP ANUIRE.
  9791 | D:9      | 9791 ||| READING scroll labelled OKKUSH WUMP.
  9792 | D:9      | 9792 ||| DRINKING 2 lumpy ruby potions.
  9792 | D:9      | Gained mutation: Your flesh is heat resistant. (rF+)
                  | [potion of mutation]
  9792 | D:9      | Gained mutation: Your magical capacity is low. (-10% MP)
                  | [potion of mutation]
  9792 | D:9      | Gained mutation: You have a somewhat thin skeletal
                  | structure. (Dex +2, Stealth+) [potion of mutation]
  9793 | D:9      | 9793 ||| DRINKING 2 dark potions.
  9794 | D:9      | 9794 ||| READING 2 scrolls of identify.
  9794 | D:9      | 9794 ||| IDENTIFYING cyan potion
  9795 | D:9      | 9795 ||| DROPPING potion of invisibility.
  9843 | Lair:1   | Entered Level 1 of the Lair of Beasts
  9848 | Lair:1   | 9848 ||| Stepping ~*~*~tactically~*~*~ (stealth).
  9849 | Lair:1   | 9849 ||| INVOKING Heroism.
  9856 | Lair:1   | Reached skill level 12 in Axes
  9870 | Lair:1   | Reached skill level 6 in Shields
  9872 | Lair:1   | Reached **** piety under Okawaru
  9945 | Lair:1   | Noticed Joseph
  9948 | Lair:1   | 9948 ||| Stepping ~*~*~tactically~*~*~ (hiding).
  9957 | Lair:1   | 9957 ||| INVOKING Heroism.
  9959 | Lair:1   | Killed Joseph
 10045 | Lair:1   | 10045 ||| INVOKING Heroism.
 10057 | Lair:1   | Reached skill level 3 in Throwing
 10057 | Lair:1   | 10057 ||| Stepping ~*~*~tactically~*~*~ (stealth).
 10103 | Lair:1   | 10103 ||| Stepping ~*~*~tactically~*~*~ (stealth).
 10104 | Lair:1   | 10104 ||| Stepping ~*~*~tactically~*~*~ (stealth).
 10117 | Lair:1   | 10117 ||| INVOKING Heroism.
 10284 | Lair:1   | 10284 ||| INVOKING Heroism.
 10294 | Lair:1   | Reached skill level 9 in Armour
 10485 | Lair:1   | Noticed an oklob plant
 10486 | Lair:1   | 10486 ||| INVOKING Heroism.
 10514 | Lair:1   | Killed an oklob plant
 10574 | Lair:1   | Received a gift from Okawaru
 10592 | Lair:1   | 10592 ||| Stepping ~*~*~tactically~*~*~ (stealth).
 10593 | Lair:1   | 10593 ||| Stepping ~*~*~tactically~*~*~ (stealth).
 10616 | Lair:1   | 10616 ||| Stepping ~*~*~tactically~*~*~ (stealth).
 10628 | Lair:1   | Noticed Grum
 10629 | Lair:1   | 10629 ||| Stepping ~*~*~tactically~*~*~ (stealth).
 10633 | Lair:1   | 10633 ||| INVOKING Heroism.
 10644 | Lair:1   | Reached XP level 12. HP: 63/76 MP: 12/14
 10649 | Lair:1   | Killed Grum
 10773 | Lair:1   | 10773 ||| INVOKING Heroism.
 10927 | Lair:1   | 10927 ||| UPGRADING to +4 ring of slaying {mikee}.
 10975 | Lair:2   | Reached skill level 6 in Invocations
 10989 | Lair:2   | 10989 ||| Stepping ~*~*~tactically~*~*~ (hiding).
 11000 | Lair:2   | 11000 ||| INVOKING Heroism.
 11099 | Lair:2   | Noticed a skyshark
 11115 | Lair:2   | Killed a skyshark
 11183 | Lair:2   | 11183 ||| INVOKING Heroism.
 11195 | Lair:2   | Reached ***** piety under Okawaru
 11196 | Lair:2   | 11196 ||| INVOKING Heroism.
 11578 | Lair:2   | 11578 ||| INVOKING Heroism.
 11735 | Lair:2   | 11735 ||| Stepping ~*~*~tactically~*~*~ (stealth).
 11737 | Lair:2   | 11737 ||| Stepping ~*~*~tactically~*~*~ (stealth).
 11815 | Lair:2   | Noticed a seven-headed hydra
 11816 | Lair:2   | 11816 ||| INVOKING Heroism.
 11817 | Lair:2   | 11817 ||| SWAPPING to -1 eveningstar.
 11818 | Lair:2   | 11818 ||| SWAPPING to +3 war axe.
 11819 | Lair:2   | 11819 ||| SWAPPING to -1 eveningstar.
 11820 | Lair:2   | 11820 ||| SWAPPING to +3 war axe.
 11821 | Lair:2   | 11821 ||| SWAPPING to -1 eveningstar.
 11822 | Lair:2   | 11822 ||| SWAPPING to +3 war axe.
 11823 | Lair:2   | 11823 ||| SWAPPING to -1 eveningstar.
 11824 | Lair:2   | 11824 ||| SWAPPING to +3 war axe.
 11825 | Lair:2   | 11825 ||| SWAPPING to -1 eveningstar.
 11826 | Lair:2   | 11826 ||| SWAPPING to +3 war axe.
 11827 | Lair:2   | 11827 ||| SWAPPING to -1 eveningstar.
 11828 | Lair:2   | 11828 ||| SWAPPING to +3 war axe.
 11829 | Lair:2   | 11829 ||| SWAPPING to -1 eveningstar.
 11830 | Lair:2   | 11830 ||| SWAPPING to +3 war axe.
 11831 | Lair:2   | 11831 ||| SWAPPING to -1 eveningstar.
 11832 | Lair:2   | 11832 ||| SWAPPING to +3 war axe.
 11833 | Lair:2   | 11833 ||| SWAPPING to -1 eveningstar.
 11834 | Lair:2   | 11834 ||| SWAPPING to +3 war axe.
 11835 | Lair:2   | 11835 ||| SWAPPING to -1 eveningstar.
 11836 | Lair:2   | 11836 ||| SWAPPING to +3 war axe.
 11837 | Lair:2   | 11837 ||| SWAPPING to -1 eveningstar.
 11837 | Lair:2   | HP: 18/77 [seven-headed hydra (10)]
 11838 | Lair:2   | 11838 ||| READING 6 scrolls of teleportation.
 11839 | Lair:2   | 11839 ||| SWAPPING to +3 war axe.
 11840 | Lair:2   | 11840 ||| SWAPPING to -1 eveningstar.
 11840 | Lair:2   | HP: 7/77 [seven-headed hydra (12)]
 11841 | Lair:2   | 11841 ||| SWAPPING to +3 war axe.
 11842 | Lair:2   | 11842 ||| SWAPPING to -1 eveningstar.
 11842 | Lair:2   | Slain by a seven-headed hydra

Levels and vault maps discovered:
D:1:      dpeg_arrival_line_fractal, layout_basic, serial_shops, shop,
          dreamdust_wishing_well
D:2:      layout_rooms, shapermc_ecumenical_altar_mp_highgroup,
          grunt_ministairs_8, uniq_sigmund
D:3:      layout_loops_cross, dancing_weapons_uskayaw, kennysheep_minor_cross
D:4:      layout_loops_cross, mainiacjoe_overflow_catwalk_spiral,
          minmay_temple_entry_large_hall, minmay_misc_feat_more_columns,
          kennysheep_cluttered_room, uniq_grinder
D:5:      layout_basic, eino_curves_02
D:6:      layout_loops_cross, portal_sewer_entry_e, ebering_ghost_gozag,
          enter_ossuary_1, minmay_shop_damaged, chequers_serial_rivers_small_a,
          uniq_pikel, uniq_blork_the_orc
D:7:      layout_layer_cave, serial_shops, nicolae_shop_statue_plus,
          nicolae_shop_firing_range
D:8:      layout_basic, zin_academy, serial_shops, nicolae_shop_tiny_glass,
          nicolae_shop_stone, shop, nicolae_shop_just_a_little_nook,
          nicolae_square_shop
D:9:      minmay_the_grid_four_pointed_star
          [minmay_the_grid_triangle_9x9_wacky_v,
          minmay_the_grid_triangle_9x9_checkered,
          minmay_the_grid_triangle_9x9_stretched_checkered,
          minmay_the_grid_triangle_9x9_empty,
          minmay_the_grid_prize_inner_circle], layout_loops_ring,
          lair_entry_dummy
Temple:   nicolae_temple_bog_church
Lair:1:   layout_misc_corridors, beast_lair_carwin_3, uniq_grum, uniq_joseph
Lair:2:   layout_regular_city, minmay_shoals_entry_hut, grunt_megastairs_1,
          infiniplex_staircase_pool_2

Skill      XL: |  1  2  3  4  5  6  7  8  9 10 11 12 |
---------------+-------------------------------------+-----
Axes           | 2 3 5 6 7 8 10 11 12 | 12.8
Fighting       | 4 5 6 7 8 9 10 | 10.0
Dodging        | 1 2 |  2.0
Invocations    | 4 5 8 |  8.6
Shields        | 4 5 6 |  6.0
Armour         | 5 7 9 |  9.0
Throwing       | 3 |  3.3

Action                     |  1- 3 |  4- 6 |  7- 9 | 10-12 || total
---------------------------+-------+-------+-------+-------++-------
  Melee: War axe           |    89 |   159 |   368 |   544 ||  1160
  Throw: Boomerang         |       |       |     5 |       ||     5
         Javelin           |       |       |       |    25 ||    25
 Invoke: Heroism           |       |       |     9 |    23 ||    32
    Use: Scroll            |     3 |     6 |     4 |     4 ||    17
         Potion            |       |       |     6 |     2 ||     8
 Armour: Scale mail        |    39 |    27 |       |       ||    66
         Ring mail         |       |    22 |       |       ||    22
         Chain mail        |       |    21 |   145 |       ||   166
         Plate armour      |       |       |    12 |   362 ||   374
  Dodge: Dodged            |    39 |    65 |   100 |   204 ||   408
  Block: Buckler           |    21 |    77 |   147 |   218 ||   463
         Reflection        |       |       |     2 |     5 ||     7

Table legend:
 A = Non-vault XP
 B = Vault XP
 C = Vault XP percentage of total XP
 D = Non-vault monster count
 E = Vault monster count
 F = Vault count percentage of total count
                 A         B        C        D         E       F
            +---------+---------+-------+---------+---------+-------
      Total |   20751 |    6777 |  24.6 |     236 |      80 |  25.3
            +---------+---------+-------+---------+---------+-------
        D:1 |      31 |       0 |   0.0 |      17 |       0 |   0.0
        D:2 |      60 |     217 |  78.3 |      20 |       3 |  13.0
        D:3 |      33 |       0 |   0.0 |      18 |       0 |   0.0
        D:4 |     699 |     277 |  28.4 |      30 |       1 |   3.2
        D:5 |     521 |       0 |   0.0 |      22 |       0 |   0.0
        D:6 |    1176 |     713 |  37.7 |      24 |       2 |   7.7
        D:7 |    1160 |       6 |   0.5 |      19 |       3 |  13.6
        D:8 |     957 |       0 |   0.0 |      18 |       0 |   0.0
        D:9 |    3554 |    3737 |  51.3 |      20 |      17 |  45.9
     Lair:1 |    4036 |    1391 |  25.6 |      16 |       9 |  36.0
     Lair:2 |    8524 |     115 |   1.3 |      32 |       1 |   3.0
      Sewer |       0 |     321 | 100.0 |       0 |      44 | 100.0
            +---------+---------+-------+---------+---------+-------
